AoeStats
← Mac Demarco

Coastal Forest

510387157Analyzed
3v3 RM · 1d ago on Sep 30, 2026· 42m 55s· 6 players
Game mode
Random Map
Map size
Normal (6 player)
Population
200
Speed
Normal
Resources
Standard
Victory
Conquest
Starting age
Dark Age
Ending age
Imperial Age
RankedLock teamsTeams togetherTeam positionsShared explorationLock speedFull tech treeHidden civsTurbo modeCheats
Victory
Defeat
🇨🇱 Sicilians · Chile
979
+13
🇳🇱 Hindustanis · Netherlands
978
+13
🇵🇹 Spanish · Portugal
947
+15
🇩🇪 Romans · Germany
935
-14
🇩🇪 Varangians · Germany
933
-14
🇩🇪 Vikings · Germany
900
-13
Lord_xy2
10:10 Feudal Age
8:26 Loom
10:46 Double-Bit Axe
17:11 Wheelbarrow
19:13 Castle Age
19:12 Gold Mining
19:58 Stone Mining
22:08 Bow Saw
21:39 Horse Collar
24:41 Ballistas
27:46 Ballistics
35:23 Imperial Age
36:18 Siege Engineers
37:31 Heavy Scorpion
Admiral G
6:56 Loom
10:11 Feudal Age
16:49 Town Watch
19:58 Wheelbarrow
25:25 Forging
28:48 Castle Age
26:46 Double-Bit Axe
26:49 Horse Collar
28:27 Scale Barding Armor
29:20 Bloodlines
29:11 Gold Mining
29:11 Stone Mining
30:29 Bow Saw
30:26 Heavy Plow
33:04 Hand Cart
33:33 Iron Casting
36:19 Chain Barding Armor
40:34 Fletching
noHotkeys
0:30 Loom
10:57 Feudal Age
11:39 Double-Bit Axe
12:08 Horse Collar
11:57 Man-at-Arms
15:29 Arson
15:59 Town Watch
25:34 Castle Age
26:20 Squires
27:12 Scale Mail Armor
27:23 Forging
26:43 Long Swordsman
27:38 Pikeman
29:10 Chain Mail Armor
29:32 Iron Casting
35:46 Fletching
Nyssa
6:40 Loom
11:09 Feudal Age
16:57 Castle Age
17:56 Horse Collar
20:15 Scale Barding Armor
25:54 Bloodlines
25:55 Double-Bit Axe
27:26 Wheelbarrow
27:45 Town Watch
28:06 Grand Trunk Road
29:13 Forging
30:00 Bow Saw
31:00 Hand Cart
31:09 Heavy Plow
32:41 Husbandry
33:23 Chain Barding Armor
36:20 Imperial Age
34:16 Town Patrol
37:45 Iron Casting
37:01 Fletching
36:50 Heavy Camel Rider
38:39 Plate Barding Armor
40:22 Imperial Camel Rider
Mac Demarco
4:36 Loom
11:34 Feudal Age
17:04 Castle Age
32:43 Imperial Age
30:59 Husbandry
31:10 Bloodlines
30:42 Horse Collar
34:01 Conscription
33:03 Pikeman
33:44 Squires
33:16 Cavalier
34:52 Paladin
35:40 Scale Barding Armor
35:35 Scale Mail Armor
35:45 Forging
36:29 Wheelbarrow
36:33 Double-Bit Axe
38:17 Hand Cart
39:14 Murder Holes
39:39 Ballistics
39:44 Chain Barding Armor
39:40 Chain Mail Armor
40:00 Iron Casting
41:14 Conscription
41:28 Caravan
40:58 Halberdier
Boss's Order
2:06 Loom
10:56 Feudal Age
19:56 Fletching
21:42 Padded Archer Armor
26:06 Castle Age
24:19 Gold Mining
25:08 Double-Bit Axe
26:10 Crossbowman
28:26 Horse Collar
31:11 Wheelbarrow
32:44 Stone Mining
33:02 Bodkin Arrow
Connection lost

Rejoining the realm…

Still unreachable

The connection could not be restored.

Session expired

The server has moved on; the page needs a fresh start.